TOP OF THE 1ST |
Vista Panthers batting - Pitching for Kalamazoo Royale with Cheese : RHP Jason Taylor
|
Pitching: RHP Jason Taylor
|
|
Batting: RHB Phil Matthews
|
0-0: Ground out 6-3 (Groundball, 6S)
|
Batting: LHB Patrick Osborne
|
0-0: Ball 1-0: Ball 2-0: Called Strike 2-1: Foul Ball, location: 2F 2-2: Ball 3-2: Strikes out looking
|
Batting: RHB Justin Burgess
|
0-0: Ball 1-0: Foul Ball, location: 2F 1-1: Called Strike 1-2: Ground out 5-3 (Groundball, 5L)
|
Top of the 1st over - 0 run(s), 0 hit(s), 0 error(s), 0 left on base; Vista 0 - Kalamazoo 0 |
BOTTOM OF THE 1ST |
Kalamazoo Royale with Cheese batting - Pitching for Vista Panthers : RHP Paco Canpos
|
Pitching: RHP Paco Canpos
|
|
Batting: RHB Andy Aiton
|
0-0: Called Strike 0-1: Called Strike 0-2: SOLO HOME RUN (Flyball, 9D), Distance : 373 ft
|
Batting: LHB Robinson Fernández
|
0-0: Called Strike 0-1: Ball 1-1: Fly out, F9 (Flyball, 9)
|
Batting: LHB David Richardson
|
0-0: Called Strike 0-1: Fly out, F9 (Flyball, 9D)
|
Batting: LHB William Ruffo
|
0-0: Foul Ball, location: 2F 0-1: Ball 1-1: Hit by Pitch
|
Batting: LHB Roberto Sandoval
|
0-0: SINGLE (Line Drive, 4M) William Ruffo to second
|
Batting: LHB Al Mills
|
0-0: Swinging Strike 0-1: Swinging Strike 0-2: Ball 1-2: Fly out, F5 (Popup, 5D)
|
Bottom of the 1st over - 1 run(s), 2 hit(s), 0 error(s), 2 left on base; Vista 0 - Kalamazoo 1 |
TOP OF THE 2ND |
Vista Panthers batting - Pitching for Kalamazoo Royale with Cheese : RHP Jason Taylor
|
Batting: LHB Donovan Bird
|
0-0: Called Strike 0-1: Ball 1-1: Foul Ball, location: 2F 1-2: SOLO HOME RUN (Flyball, 89XD), Distance : 413 ft
|
Batting: SHB Mark Wells
|
0-0: Ground out U3 (Groundball, 34)
|
Batting: RHB Cisco Gatán
|
0-0: Swinging Strike 0-1: Foul Ball, location: 2F 0-2: Strikes out swinging
|
Batting: LHB Brent Alonzo
|
0-0: Foul Ball, location: 2F 0-1: Swinging Strike 0-2: Ball 1-2: Ball 2-2: Ball 3-2: Strikes out swinging
|
Top of the 2nd over - 1 run(s), 1 hit(s), 0 error(s), 0 left on base; Vista 1 - Kalamazoo 1 |
BOTTOM OF THE 2ND |
Kalamazoo Royale with Cheese batting - Pitching for Vista Panthers : RHP Paco Canpos
|
Batting: RHB Run-ming Zhu
|
0-0: Ball 1-0: Ball 2-0: Foul Ball, location: 2F 2-1: Ball 3-1: Swinging Strike 3-2: Fly out, F7 (Flyball, 7S)
|
Batting: LHB António Glaviz
|
0-0: Called Strike 0-1: Called Strike 0-2: Ball 1-2: Ball 2-2: Ball 3-2: Strikes out swinging
|
Batting: SHB Bob Noble
|
0-0: Ball 1-0: SINGLE (Groundball, 34D)
|
Batting: RHB Andy Aiton
|
0-0: Called Strike 0-1: Ball 1-1: Ball 2-1: Foul Ball, location: 2F 2-2: Foul Ball, location: 2F 2-2: Foul Ball, location: 2F 2-2: SINGLE (Line Drive, 4MD) Bob Noble to second
|
Batting: LHB Robinson Fernández
|
0-0: Ball 1-0: Ball 2-0: Foul Ball, location: 2F 2-1: Ball 3-1: Base on Balls Bob Noble to third Andy Aiton to second
|
Batting: LHB David Richardson
|
0-0: Called Strike 0-1: Ball 1-1: Swinging Strike 1-2: Ball 2-2: Strikes out swinging
|
Bottom of the 2nd over - 0 run(s), 2 hit(s), 0 error(s), 3 left on base; Vista 1 - Kalamazoo 1 |
TOP OF THE 3RD |
Vista Panthers batting - Pitching for Kalamazoo Royale with Cheese : RHP Jason Taylor
|
Batting: LHB Francisco Marino
|
0-0: Ball 1-0: Ball 2-0: Called Strike 2-1: Ball 3-1: Swinging Strike 3-2: Foul Ball, location: 2F 3-2: Strikes out looking
|
Batting: RHB Roberto Cruz
|
0-0: Ball 1-0: Called Strike 1-1: Fly out, F9 (Flyball, 9S)
|
Batting: RHB Phil Matthews
|
0-0: Called Strike 0-1: Ball 1-1: Ball 2-1: SINGLE (Groundball, 56D)
|
Batting: LHB Patrick Osborne
|
0-0: Swinging Strike 0-1: SINGLE (Flyball, 7LS) Phil Matthews to second
|
Batting: RHB Justin Burgess
|
0-0: Ball 1-0: Fly out, F8 (Flyball, 8RS)
|
Top of the 3rd over - 0 run(s), 2 hit(s), 0 error(s), 2 left on base; Vista 1 - Kalamazoo 1 |
BOTTOM OF THE 3RD |
Kalamazoo Royale with Cheese batting - Pitching for Vista Panthers : RHP Paco Canpos
|
Batting: LHB William Ruffo
|
0-0: Fly out, F9 (Flyball, 9LMF)
|
Batting: LHB Roberto Sandoval
|
0-0: Ball 1-0: Ball 2-0: Called Strike 2-1: Ball 3-1: Base on Balls
|
Batting: LHB Al Mills
|
0-0: Called Strike 0-1: Swinging Strike 0-2: Ball 1-2: Foul Ball, location: 2F 1-2: Ball 2-2: Foul Ball, location: 2F 2-2: Foul Ball, location: 2F 2-2: SINGLE (Groundball, 56D) Roberto Sandoval to second
|
Batting: RHB Run-ming Zhu
|
0-0: Ball 1-0: SINGLE (Groundball, 6MD) Roberto Sandoval to third Al Mills to second Runner from 3rd tries for Home, SAFE, no throw
|
Batting: LHB António Glaviz
|
0-0: Ball 1-0: Ball 2-0: Ground out 4-3 (Groundball, 34D) Al Mills to third Run-ming Zhu to second
|
Batting: SHB Bob Noble
|
0-0: Ball 1-0: Foul Ball, location: 2F 1-1: Foul Ball, location: 2F 1-2: Ball 2-2: Fly out, F3 (Line Drive, 3)
|
Bottom of the 3rd over - 1 run(s), 2 hit(s), 0 error(s), 2 left on base; Vista 1 - Kalamazoo 2 |
TOP OF THE 4TH |
Vista Panthers batting - Pitching for Kalamazoo Royale with Cheese : RHP Jason Taylor
|
Batting: LHB Donovan Bird
|
0-0: Called Strike 0-1: Foul Ball, location: 2F 0-2: Ball 1-2: Strikes out swinging
|
Batting: SHB Mark Wells
|
0-0: Ball 1-0: SINGLE (Groundball, 4MD)
|
Batting: RHB Cisco Gatán
|
0-0: Ball 1-0: Swinging Strike 1-1: Swinging Strike 1-2: Strikes out looking
|
Batting: LHB Brent Alonzo
|
0-0: Called Strike 0-1: Foul Ball, location: 2F 0-2: Ball 1-2: Strikes out looking
|
Top of the 4th over - 0 run(s), 1 hit(s), 0 error(s), 1 left on base; Vista 1 - Kalamazoo 2 |
BOTTOM OF THE 4TH |
Kalamazoo Royale with Cheese batting - Pitching for Vista Panthers : RHP Paco Canpos
|
Batting: RHB Andy Aiton
|
0-0: Ball 1-0: SINGLE (Line Drive, 89S)
|
Batting: LHB Robinson Fernández
|
0-0: Ball 1-0: Fly out, F7 (Flyball, 7S)
|
Batting: LHB David Richardson
|
0-0: Ball 1-0: Called Strike 1-1: Ball 2-1: Ball 3-1: Grounds into double play, 4-6-3 (Groundball, 4)
|
Bottom of the 4th over - 0 run(s), 1 hit(s), 0 error(s), 0 left on base; Vista 1 - Kalamazoo 2 |
TOP OF THE 5TH |
Vista Panthers batting - Pitching for Kalamazoo Royale with Cheese : RHP Jason Taylor
|
Batting: LHB Francisco Marino
|
0-0: Called Strike 0-1: Ball 1-1: Foul Ball, location: 2F 1-2: Foul Ball, location: 2F 1-2: Ground out U3 (Groundball, 34)
|
Batting: RHB Roberto Cruz
|
0-0: Foul Ball, location: 2F 0-1: Foul Ball, location: 2F 0-2: Foul Ball, location: 2F 0-2: Ball 1-2: SINGLE (Line Drive, 6M)
|
Batting: RHB Phil Matthews
|
0-0: Foul Ball, location: 2F 0-1: SINGLE (Flyball, 78S) Roberto Cruz to second
|
Batting: LHB Patrick Osborne
|
0-0: Swinging Strike 0-1: Ball 1-1: Swinging Strike 1-2: Ball 2-2: Foul Ball, location: 2F 2-2: Foul Ball, location: 2F 2-2: Strikes out swinging
|
Batting: RHB Justin Burgess
|
0-0: Ball 1-0: Swinging Strike 1-1: Fly out, F3 (Line Drive, 3)
|
Top of the 5th over - 0 run(s), 2 hit(s), 0 error(s), 2 left on base; Vista 1 - Kalamazoo 2 |
BOTTOM OF THE 5TH |
Kalamazoo Royale with Cheese batting - Pitching for Vista Panthers : RHP Paco Canpos
|
Batting: LHB William Ruffo
|
0-0: Called Strike 0-1: Ball 1-1: Ball 2-1: Foul Ball, location: 2F 2-2: SINGLE (Line Drive, 6D)
|
Pitching: RHP Scotty Johnson
|
|
Batting: LHB Roberto Sandoval
|
0-0: Ball 1-0: Ball 2-0: Foul Ball, location: 2F 2-1: Foul Ball, location: 2F 2-2: SINGLE (Line Drive, 4M) William Ruffo to second
|
Batting: LHB Al Mills
|
0-0: Foul Ball, location: 2F 0-1: Foul Ball, location: 2F 0-2: SINGLE (Groundball, 56D) William Ruffo to third Roberto Sandoval to second Runner from 3rd tries for Home, SAFE, throw made home
|
Batting: RHB Run-ming Zhu
|
0-0: Ball 1-0: Called Strike 1-1: Foul Ball, location: 2F 1-2: Strikes out looking
|
Batting: LHB António Glaviz
|
0-0: Ball 1-0: Ball 2-0: 3-RUN HOME RUN (Flyball, 78XD), Distance : 435 ft
|
Pitching: LHP Mario Tobías
|
|
Batting: SHB Bob Noble
|
0-0: Called Strike 0-1: Swinging Strike 0-2: Ball 1-2: DOUBLE (Groundball, 5L)
|
Batting: RHB Andy Aiton
|
0-0: Called Strike 0-1: Ball 1-1: Ball 2-1: Called Strike 2-2: Ground out 6-3 (Groundball, 6)
|
Batting: LHB Robinson Fernández
|
0-0: Called Strike 0-1: Called Strike 0-2: Ball 1-2: Foul Ball, location: 2F 1-2: Foul Ball, location: 2F 1-2: Ball 2-2: Fly out, F6 (Flyball, 6MD)
|
Bottom of the 5th over - 4 run(s), 5 hit(s), 0 error(s), 1 left on base; Vista 1 - Kalamazoo 6 |
TOP OF THE 6TH |
Vista Panthers batting - Pitching for Kalamazoo Royale with Cheese : RHP Jason Taylor
|
Batting: LHB Donovan Bird
|
0-0: Called Strike 0-1: Called Strike 0-2: Ground out 3-1 (Groundball, 34S)
|
Batting: SHB Mark Wells
|
0-0: Ball 1-0: Foul Ball, location: 2F 1-1: Called Strike 1-2: Ball 2-2: Foul Ball, location: 2F 2-2: Ball 3-2: Ground out 4-3 (Groundball, 4)
|
Batting: RHB Cisco Gatán
|
0-0: Ball 1-0: Ball 2-0: Called Strike 2-1: Ball 3-1: Base on Balls
|
Batting: LHB Brent Alonzo
|
0-0: Ball 1-0: Ball 2-0: Called Strike 2-1: Called Strike 2-2: Strikes out swinging
|
Top of the 6th over - 0 run(s), 0 hit(s), 0 error(s), 1 left on base; Vista 1 - Kalamazoo 6 |
BOTTOM OF THE 6TH |
Kalamazoo Royale with Cheese batting - Pitching for Vista Panthers : LHP Mario Tobías
|
Batting: LHB David Richardson
|
0-0: Foul Ball, location: 2F 0-1: Ground out 4-3 (Groundball, 4S)
|
Batting: LHB William Ruffo
|
0-0: Ball 1-0: Ball 2-0: Foul Ball, location: 2F 2-1: Ball 3-1: Called Strike 3-2: Foul Ball, location: 2F 3-2: Foul Ball, location: 2F 3-2: Strikes out swinging
|
Batting: LHB Roberto Sandoval
|
0-0: Ball 1-0: Foul Ball, location: 2F 1-1: Foul Ball, location: 2F 1-2: Strikes out swinging, 2-3 out at first.
|
Bottom of the 6th over - 0 run(s), 0 hit(s), 0 error(s), 0 left on base; Vista 1 - Kalamazoo 6 |
TOP OF THE 7TH |
Vista Panthers batting - Pitching for Kalamazoo Royale with Cheese : RHP Jason Taylor
|
Pitching: RHP Roberto Ledesma
|
|
Batting: LHB Francisco Marino
|
0-0: Foul Ball, location: 2F 0-1: Ball 1-1: Ball 2-1: DOUBLE (Line Drive, 7LM)
|
Batting: RHB Roberto Cruz
|
0-0: Called Strike 0-1: Ball 1-1: Swinging Strike 1-2: Foul Ball, location: 2F 1-2: DOUBLE (Line Drive, 7D) Francisco Marino scores
|
Batting: RHB Phil Matthews
|
0-0: Swinging Strike 0-1: SINGLE (Flyball, 3D) Roberto Cruz to third
|
Batting: LHB Patrick Osborne
|
0-0: Fly out, F7 (Flyball, 78S)
|
Batting: RHB Justin Burgess
|
0-0: Ball 1-0: Foul Ball, location: 2F 1-1: Ball 2-1: Ball 3-1: Base on Balls Phil Matthews to second
|
Pitching: LHP Morgan McDormand
|
|
Batting: LHB Donovan Bird
|
0-0: Ball 1-0: Foul Ball, location: 2F 1-1: Called Strike 1-2: Ball 2-2: Foul Ball, location: 2F 2-2: Strikes out swinging
|
Pitching: RHP Fergus Wakeford
|
|
Batting: SHB Mark Wells
|
0-0: Ball 1-0: Foul Ball, location: 2F 1-1: Ball 2-1: Called Strike 2-2: Foul Ball, location: 2F 2-2: Strikes out swinging
|
Top of the 7th over - 1 run(s), 3 hit(s), 0 error(s), 3 left on base; Vista 2 - Kalamazoo 6 |
BOTTOM OF THE 7TH |
Kalamazoo Royale with Cheese batting - Pitching for Vista Panthers : LHP Mario Tobías
|
Batting: LHB Al Mills
|
0-0: Foul Ball, location: 2F 0-1: Ball 1-1: Ball 2-1: Ball 3-1: Foul Ball, location: 2F 3-2: Base on Balls
|
Batting: RHB Run-ming Zhu
|
0-0: Grounds into double play, 6-4-3 (Groundball, 6)
|
Batting: LHB António Glaviz
|
0-0: Ball 1-0: SINGLE (Line Drive, 56D)
|
Batting: SHB Bob Noble
|
0-0: Called Strike 0-1: Ground out 5-3 (Groundball, 5S)
|
Bottom of the 7th over - 0 run(s), 1 hit(s), 0 error(s), 1 left on base; Vista 2 - Kalamazoo 6 |
TOP OF THE 8TH |
Vista Panthers batting - Pitching for Kalamazoo Royale with Cheese : RHP Fergus Wakeford
|
Batting: RHB Cisco Gatán
|
0-0: Called Strike 0-1: Ball 1-1: Foul Ball, location: 2F 1-2: Fly out, F8 (Flyball, 8LM)
|
Batting: LHB Brent Alonzo
|
0-0: Ball 1-0: Ball 2-0: SINGLE (Line Drive, 34D)
|
Batting: LHB Francisco Marino
|
0-0: Called Strike 0-1: Ball 1-1: Foul Ball, location: 2F 1-2: Grounds out, U3 (Groundball, 3L)
|
Batting: RHB Roberto Cruz
|
0-0: Called Strike 0-1: Foul Ball, location: 2F 0-2: Ball 1-2: Ball 2-2: Foul Ball, location: 2F 2-2: Fly out, F7 (Line Drive, 7)
|
Top of the 8th over - 0 run(s), 1 hit(s), 0 error(s), 1 left on base; Vista 2 - Kalamazoo 6 |
BOTTOM OF THE 8TH |
Kalamazoo Royale with Cheese batting - Pitching for Vista Panthers : LHP Mario Tobías
|
Batting: RHB Andy Aiton
|
0-0: Ball 1-0: Called Strike 1-1: SOLO HOME RUN (Flyball, 7LD), Distance : 359 ft
|
Batting: LHB Robinson Fernández
|
0-0: Called Strike 0-1: Ball 1-1: SOLO HOME RUN (Line Drive, 89XD), Distance : 438 ft
|
Batting: LHB David Richardson
|
0-0: Ball 1-0: Ball 2-0: Swinging Strike 2-1: Swinging Strike 2-2: SINGLE (Groundball, 34D)
|
Batting: LHB William Ruffo
|
0-0: Ball 1-0: Swinging Strike 1-1: Foul Ball, location: 2F 1-2: Foul Ball, location: 2F 1-2: Grounds into double play, 4-6-3 (Groundball, 4)
|
Batting: LHB Roberto Sandoval
|
0-0: Swinging Strike 0-1: Ball 1-1: Ball 2-1: Swinging Strike 2-2: Ground out 1-3 (Groundball, 13S)
|
Bottom of the 8th over - 2 run(s), 3 hit(s), 0 error(s), 0 left on base; Vista 2 - Kalamazoo 8 |
TOP OF THE 9TH |
Vista Panthers batting - Pitching for Kalamazoo Royale with Cheese : RHP Fergus Wakeford
|
Batting: RHB Phil Matthews
|
0-0: Called Strike 0-1: Called Strike 0-2: Foul Ball, location: 2F 0-2: Ball 1-2: DOUBLE (Line Drive, 78S)
|
Batting: LHB Patrick Osborne
|
0-0: Ball 1-0: Ground out 4-3 (Groundball, 34D) Phil Matthews to third
|
Batting: RHB Justin Burgess
|
0-0: Ball 1-0: Foul Ball, location: 2F 1-1: Called Strike 1-2: Ground out 6-3 (Groundball, 56D) Phil Matthews scores
|
Batting: LHB Donovan Bird
|
0-0: Called Strike 0-1: Foul Ball, location: 2F 0-2: Ball 1-2: Ball 2-2: Foul Ball, location: 2F 2-2: Strikes out swinging
|
Top of the 9th over - 1 run(s), 1 hit(s), 0 error(s), 0 left on base; Vista 3 - Kalamazoo 8 |
|